 Dungeon Crawl Stone Soup version 0.31-a0-851-g7ff8af7976 (webtiles) character file.

Game seed: 8702591665377655946

39458 gruber the Frost Mage (level 13, -6/99 HPs)
             Began as a Demonspawn Ice Elementalist on Oct 5, 2023.
             Was an Elder of Vehumet.
             Mangled by a dire elephant (33 damage)
             ... on level 5 of the Lair of Beasts.
             The game lasted 00:34:43 (18697 turns).

gruber the Frost Mage (DsIE)                       Turns: 18697, Time: 00:34:44

Health: -6/99      AC:  8    Str: 10    XL:     13   Next: 69%
Magic:  16/28      EV: 15    Int: 22    God:    Vehumet [****..]
Gold:   1262       SH:  6    Dex: 14    Spells: 8/20 levels left

rFire   + + .        f - +4 falchion (freeze)
rCold   + . .        (no shield)
rNeg    . . .        R - +2 robe {rF+}
rPois   +            U - +2 hat
rElec   .            S - +0 cloak of the Bashing Gods {rC+ Str+2}
rCorr   .            (no gloves)
SInv    .            P - +0 pair of boots
Will    +....        x - amulet of regeneration
Stlth   ++++         y - ring of willpower
HPRegen 1.16/turn    B - ring of magical power
MPRegen 0.21/turn

%: no passive effects
@: freezing walls
A: horns 2, large bone plates 2, foul stench 3, demonic magic 2, fire resistance
1, poison resistance, noise suppression
a: Renounce Religion


You were on level 5 of the Lair of Beasts.
You worshipped Vehumet.
Vehumet was greatly pleased with you.
You visited 3 branches of the dungeon, and saw 19 of its levels.
You also visited: Ossuary.

You collected 1262 gold pieces.

Inventory:

Hand Weapons
 f - a +4 falchion of freezing (weapon)
 I - a +1 scimitar of flaming
 Q - a +1 dagger of venom
Missiles
 o - 38 poisoned darts (quivered)
 u - 3 throwing nets
 T - a curare-tipped dart
Armour
 P - a +0 pair of boots (worn)
 R - a +2 robe of fire resistance (worn)
 S - the +0 cloak of the Bashing Gods (worn) {rC+ Str+2}
   (You found it on level 11 of the Dungeon)

   Str+2:     It affects your strength (+2).
   rC+:       It protects you from cold.
 U - a +2 hat (worn)
Magical Staves
 l - a staff of conjuration
Jewellery
 g - a ring of resist corrosion
 q - a ring of positive energy
 x - an amulet of regeneration (around neck)
 y - a ring of willpower (left hand)
 B - a ring of magical power (right hand)
 D - an amulet of guardian spirit
 E - a ring of flight
Wands
 b - a wand of iceblast (24)
 j - a wand of acid (5)
 t - a wand of flame (26)
 H - a wand of polymorph (11)
Scrolls
 a - 4 scrolls of vulnerability {unknown}
 d - 11 scrolls of teleportation {unknown}
 i - 2 scrolls of fog {unknown}
 k - a scroll of noise {unknown}
 n - 7 scrolls of enchant armour {unknown}
 p - 2 scrolls of silence {unknown}
 r - 5 scrolls of immolation {unknown}
 w - 2 scrolls of torment {unknown}
 F - 2 scrolls of amnesia {unknown}
 G - 3 scrolls of blinking {unknown}
 L - 3 scrolls of summoning {unknown}
 N - 2 scrolls of enchant weapon {unknown}
 O - 2 scrolls of fear {unknown}
 V - a scroll of poison {unknown}
 X - a scroll of identify
Potions
 c - 4 potions of invisibility
 e - 3 potions of heal wounds
 h - 4 potions of curing
 m - 4 potions of haste
 s - 3 potions of brilliance
 v - 2 potions of lignification
 z - 2 potions of ambrosia
 A - 2 potions of cancellation
 C - 2 potions of berserk rage
 J - a potion of might
 K - 3 potions of enlightenment
 M - 2 potions of mutation
 W - a potion of resistance {unknown}


   Skills:
 - Level 8.7 Fighting
 - Level 8.0 Long Blades
 - Level 7.2 Dodging
 - Level 10.1 Stealth
 - Level 4.0 Spellcasting
 - Level 8.1 Conjurations
 * Level 13.3 Ice Magic


You had 8 spell levels left.
You knew the following spells:

 Your Spells              Type           Power      Damage    Failure   Level
a - Freeze                Ice            100%       1d10      1%          1
b - Frozen Ramparts       Ice            100%       1d16      1%          3
c - Blink                 Tloc           8%         N/A       17%         2
d - Ozocubu's Armour      Ice            59%        N/A       1%          3
e - Hailstorm             Conj/Ice       51%        3d11      1%          3

Your spell library contained the following spells:

 Spells                   Type           Power      Damage    Failure   Level
 Sticky Flame             Conj/Fire      22%        2d4       5%          4
 Ensorcelled Hibernation  Hex/Ice        66%        N/A       1%          2
 Static Discharge         Conj/Air       44%        2-4/arc   1%          2
 Iskenderun's Mystic Bla  Conj/Tloc      22%        2d6       5%          4
 Summon Ice Beast         Ice/Summ       33%        N/A       7%          4
 Apportation              Tloc           8%         N/A       11%         1
 Arcjolt                  Conj/Air       11%        1d21      16%         5
 Irradiate                Conj/Tmut      11%        3d15      16%         5
 Cigotuvi's Dreadful Rot  Necr/Pois/Air  8%         N/A       17%         2
 Jinxbite                 Hex            8%         N/A       17%         2
 Passwall                 Tmut/Erth      3%         N/A       17%         2
 Sublimation of Blood     Necr           4%         N/A       17%         2
 Airstrike                Air            2%         2d(1-17)  28%         4
 Gell's Gravitas          Tloc           4%         N/A       32%         3
 Swiftness                Air            4%         N/A       32%         3
 Teleport Other           Tloc           4%         N/A       32%         3
 Tukima's Dance           Hex            4%         N/A       32%         3
 Anguish                  Hex/Necr       2%         N/A       73%         4
 Dimensional Bullseye     Hex/Tloc       2%         N/A       73%         4
 Dispel Undead            Necr           4%         3d7       73%         4
 Manifold Assault         Tloc           4%         N/A       73%         4
 Petrify                  Tmut/Erth      4%         N/A       73%         4
 Summon Lightning Spire   Summ/Air       4%         N/A       73%         4
 Vhi's Electric Charge    Tloc/Air       8%         N/A       73%         4
 Alistair's Intoxication  Tmut/Pois      2%         N/A       97%         5
 Death Channel            Necr           2%         N/A       100%        6
 Dispersal                Tloc           2%         N/A       100%        6
 Maxwell's Capacitive Co  Air            2%         ∞         100%        8


Dungeon Overview and Level Annotations

Branches:
Dungeon (13/15)            Temple (1/1) D:7            Lair (4/5) D:9
  Swamp (0/4) Lair:2        Snake (0/4) Lair:3          Orc (0/2) D:11
Ossuary (visited)
  Slime: Lair:4-5    Vaults: D:13-14

Altars:
Ashenzari
Cheibriados
Dithmenos
Fedhas
Gozag
Hepliaklqana
Kikubaaqudgha
Makhleb
Nemelex Xobeh
Okawaru
Ru
Sif Muna
Trog
Uskayaw
Vehumet
Wu Jian
Xom

Shops:
D:4 [   D:8 !=   D:12 !

Portals:
Trove: D:10 (show slimy rune of Zot)

Annotations:
D:3 3 runed translucent doors, vineage's ghost, amateur GrGl
Lair:2 1 runed translucent door, orangepiccolo's ghost, journeyman MiBe


Innate Abilities, Weirdness & Mutations

You have a pair of horns on your head.
You are mostly covered in large bone plates. (SH +6)
You frequently emit foul miasma when damaged in melee.
Spells you cast may paralyse nearby enemies.
Your flesh is heat resistant. (rF+)
Your system is resistant to poisons. (rPois)
You passively dampen the noise of your surroundings.


Message History

You freeze the cane toad.
The cane toad is almost dead.
Malevolent energies surge around you.
The death yak simulacrum is no longer covered in acid.
The wall freezes the cane toad!
You kill the cane toad!
Vehumet accepts your kill. The dire elephant tramples you!
You hold your ground!
The dire elephant completely misses you.
The death yak simulacrum completely resists.
The wall freezes the death yak simulacrum but does no damage.
Unknown command.
Casting: Freeze (safe; 1% risk of failure)
Confirm with . or Enter, or press ? or * to list all spells.
Aiming: Freeze (safe; 1% risk of failure)
Press: ? - help, Shift-Dir - straight line, f - dire elephant
Aim: a dire elephant (severely wounded, covered in acid)
You freeze the dire elephant!
The dire elephant is severely wounded.
Malevolent energies surge around you. The dire elephant tramples you!!
* * * LOW HITPOINT WARNING * * *
You hold your ground!
The dire elephant trunk-slaps you.
* * * LOW HITPOINT WARNING * * *
You emit a cloud of foul miasma!
Unknown command.
Unknown command.
Casting: Freeze (safe; 1% risk of failure)
Confirm with . or Enter, or press ? or * to list all spells.
Aiming: Freeze (safe; 1% risk of failure)
Press: ? - help, Shift-Dir - straight line, f/p - dire elephant
Aim: a dire elephant (foul pestilence, severely wounded, covered in acid)
You freeze the dire elephant.
The dire elephant is severely wounded.
Malevolent energies surge around you.
The death yak simulacrum suddenly stops moving!
The death yak simulacrum completely resists.
The wall freezes the death yak simulacrum but does no damage.
The dire elephant is engulfed in dark miasma.
The dire elephant is poisoned.
The dire elephant tramples you!!
You die...

...#....#####...##.......
~.~.~.~..PPP....#P##............
~.~.~.~##..P.....................
.......#.........†...............
.................................
.................................
.................................
...............Y.................
♣..............Z@................
####'''########♣P......♣#######.
..........[.... ##....♣## ##
####8.⌠P8#####P ##♣♣♣# # ##8.8##
##### 8..Y8 #)pYY. #))...


You could see a dire elephant (poisoned, corroded) and a death yak simulacrum
(paralysed).

Vanquished Creatures
  5 hydras
  Harold (Lair:2)
  2 two-headed ogres
  3 centaur warriors (D:13)
  3 death yaks (D:9)
  Erica (D:10)
  A deep troll (Lair:3)
  Pikel (D:5)
  A deep elf pyromancer (D:13)
  An oklob plant (Lair:3)
  3 cyclopes
  8 elephants (Lair:3)
  A black mamba (Lair:1)
  A gargoyle (D:12)
  4 unseen horrors
  8 cane toads
  Maggie (D:7)
  6 komodo dragons
  3 kobold demonologists
  3 rime drakes
  2 trolls
  3 polar bears
  3 tyrant leeches (Lair:2)
  A hornet (D:11)
  2 shadows
  41 yaks
  A wraith (D:10)
  3 basilisks
  6 wyverns
  Grum (D:11)
  A steam dragon (D:7)
  Menkaure (D:7)
  A naga (Lair:3)
  Edmund (D:5)
  10 water moccasins
  Duvessa (D:7)
  2 acid dragons
  A sky beast (D:8)
  9 orc warriors
  9 centaurs
  18 wolves
  2 ogres (D:7)
  A lemure (D:5)
  2 kobold brigands (D:12)
  Blork the orc (D:6)
  11 bullfrogs
  3 scorpions
  2 water moccasin zombies (Ossuary)
  4 wights
  Dowan (D:7)
  5 killer bees (D:7)
  5 howler monkeys
  An electric eel (Lair:1)
  10 orc priests
  4 hounds
  A jelly (D:7)
  A gnoll bouda (D:7)
  A sleepcap (D:7)
  Terence (D:2)
  2 iguanas
  10 orc wizards
  2 mummies (Ossuary)
  8 adders
  4 gnolls (D:5)
  2 river rats (D:9)
  A shadow imp (D:6)
  3 white imps
  An ufetubus (D:7)
  2 adder zombies (Ossuary)
  A worm (D:4)
  A dart slug (D:3)
  44 orcs
  3 ball pythons
  8 endoplasms
  7 giant cockroaches
  10 gnoll zombies (Ossuary)
  6 goblins
  11 hobgoblins
  4 jackals (D:2)
  9 kobolds
  3 quokkas
  5 bats
  3 frilled lizards
  5 hobgoblin zombies (Ossuary)
  4 kobold zombies (Ossuary)
  6 orc zombies (Ossuary)
  6 rats
401 creatures vanquished.

Notes
Turn   | Place    | Note
-------+----------+-------------------------------------------
     0 | D:1      | gruber the Demonspawn Ice Elementalist began the quest for
                  | the Orb.
     0 | D:1      | Reached XP level 1. HP: 13/13 MP: 3/3
   195 | D:1      | Reached skill level 4 in Ice Magic
   246 | D:1      | Gained mutation: You are partially covered in large bone
                  | plates. (SH +4) [demonic ancestry]
   246 | D:1      | Reached XP level 2. HP: 19/19 MP: 1/5
  1378 | D:2      | Reached XP level 3. HP: 23/24 MP: 3/6
  1382 | D:2      | Learned a level 3 spell: Frozen Ramparts
  1385 | D:2      | Learned a level 2 spell: Blink
  1604 | D:2      | Reached skill level 5 in Ice Magic
  1688 | D:2      | Noticed Terence
  1696 | D:2      | Killed Terence
  1697 | D:2      | Reached XP level 4. HP: 25/30 MP: 1/7
  2426 | D:3      | Found a runed translucent gate.
  2426 | D:3      | Found a runed translucent gate.
  2426 | D:3      | Found a runed translucent gate.
  2460 | D:3      | Found a shadowy altar of Dithmenos.
  2723 | D:3      | Noticed vineage's ghost (amateur GrGl)
  2724 | D:3      | Noticed a kobold brigand
  3051 | D:4      | Found a sand-covered staircase.
  3059 | Ossuary  | Entered an ossuary
  3114 | Ossuary  | Reached skill level 6 in Ice Magic
  3114 | Ossuary  | Reached XP level 5. HP: 10/35 MP: 0/8
  3433 | Ossuary  | Reached skill level 1 in Fighting
  3549 | Ossuary  | Gained mutation: You may rarely emit foul miasma when
                  | damaged in melee. [demonic ancestry]
  3549 | Ossuary  | Reached XP level 6. HP: 46/46 MP: 9/9
  3677 | D:4      | Found Rekhai's Armour Emporium.
  4057 | D:4      | Learned a level 3 spell: Ozocubu's Armour
  4143 | D:5      | Entered Level 5 of the Dungeon
  4275 | D:5      | Found an ornate altar of the Wu Jian Council.
  4416 | D:5      | Noticed Edmund
  4438 | D:5      | Killed Edmund
  4439 | D:5      | Gained mutation: You are mostly covered in large bone
                  | plates. (SH +6) [demonic ancestry]
  4439 | D:5      | Reached XP level 7. HP: 35/55 MP: 2/10
  4568 | D:5      | Noticed Pikel
  4578 | D:5      | Killed Pikel
  4579 | D:5      | Gained mutation: Spells you cast may paralyse adjacent
                  | enemies. [demonic ancestry]
  4579 | D:5      | Reached XP level 8. HP: 61/67 MP: 8/11
  4690 | D:5      | You fall into a shaft and drop 1 floor!
  4890 | D:6      | Found a bloodstained altar of Trog.
  4965 | D:6      | Noticed Blork the orc
  4977 | D:6      | Killed Blork the orc
  6164 | D:7      | Reached skill level 7 in Ice Magic
  6217 | D:7      | Reached skill level 8 in Ice Magic
  6217 | D:7      | Gained mutation: You sometimes emit foul miasma when
                  | damaged in melee. [demonic ancestry]
  6217 | D:7      | Reached XP level 9. HP: 75/75 MP: 4/12
  6404 | D:7      | Noticed Dowan
  6410 | D:7      | Noticed Duvessa
  6425 | D:7      | Killed Dowan
  6519 | D:7      | Reached skill level 9 in Ice Magic
  6529 | D:7      | Noticed Maggie
  6539 | D:7      | Killed Maggie
  6545 | D:7      | HP: 1/75 [Duvessa/+2 rapier of freezing (5)]
  6546 | D:7      | Gained mutation: Your system is resistant to poisons.
                  | (rPois) [potion of mutation]
  6546 | D:7      | Gained mutation: You passively dampen the noise of your
                  | surroundings. [potion of mutation]
  6546 | D:7      | Gained mutation: Your flesh is heat resistant. (rF+)
                  | [potion of mutation]
  6546 | D:7      | Killed Duvessa
  6547 | D:7      | Reached skill level 10 in Ice Magic
  6840 | D:7      | Found a staircase to the Ecumenical Temple.
  6901 | D:7      | Noticed Menkaure
  6914 | D:7      | Killed Menkaure
  7471 | Temple   | Entered the Ecumenical Temple
  7482 | Temple   | Became a worshipper of Vehumet
  7515 | D:8      | Reached skill level 11 in Ice Magic
  7535 | D:8      | Gained mutation: You have a pair of small horns on your
                  | head. [demonic ancestry]
  7535 | D:8      | Reached XP level 10. HP: 82/82 MP: 12/13
  7676 | D:8      | Found Jicow's Jewellery Shoppe.
  7810 | D:8      | Found a sacrificial altar of Ru.
  7948 | D:8      | Reached skill level 5 in Stealth
  8142 | D:8      | Found Jaxisub's Distillery.
  8626 | D:9      | Found a hazy altar of Hepliaklqana.
  8690 | D:9      | Noticed a death yak
  8721 | D:9      | Killed a death yak
  8822 | D:9      | Found a staircase to the Lair.
  8822 | D:9      | Noticed a death yak
  8822 | D:9      | Noticed a death yak
  8904 | D:9      | Killed a death yak
  8915 | D:9      | Killed a death yak
  9286 | D:9      | Found a shimmering blue altar of Sif Muna.
  9472 | D:10     | Entered Level 10 of the Dungeon
  9480 | D:10     | Reached * piety under Vehumet
  9480 | D:10     | Offered knowledge of Foxfire by Vehumet.
  9542 | D:10     | Noticed a two-headed ogre
  9555 | D:10     | Killed a two-headed ogre
  9556 | D:10     | Gained mutation: Spells you cast may paralyse nearby
                  | enemies. [demonic ancestry]
  9556 | D:10     | Reached XP level 11. HP: 60/87 MP: 11/14
  9645 | D:10     | Noticed Erica
  9674 | D:10     | Killed Erica
  9675 | D:10     | Reached skill level 10 in Stealth
 10550 | D:10     | Found a portal to a secret trove of treasure.
 10799 | D:11     | Reached skill level 1 in Long Blades
 10914 | D:11     | Identified the +0 cloak of the Bashing Gods {rC+ Str+2}
 11164 | D:11     | Found a staircase to the Orcish Mines.
 11271 | D:11     | Offered knowledge of Searing Ray by Vehumet.
 11455 | D:11     | Reached ** piety under Vehumet
 11516 | D:11     | Paralysed by a hornet for 2 turns
 11520 | D:11     | Reached skill level 5 in Long Blades
 11641 | D:11     | Noticed a two-headed ogre
 11657 | D:11     | Killed a two-headed ogre
 11819 | D:11     | Noticed a soul eater
 11976 | D:11     | Noticed Grum
 11985 | D:11     | Killed Grum
 12600 | D:12     | Gained mutation: You frequently emit foul miasma when
                  | damaged in melee. [demonic ancestry]
 12600 | D:12     | Reached XP level 12. HP: 94/94 MP: 18/18
 12807 | D:12     | Found Yxoad's Distillery.
 13664 | D:13     | Noticed a centaur warrior
 13783 | D:13     | Killed a centaur warrior
 13832 | D:13     | Noticed a centaur warrior
 13838 | D:13     | Killed a centaur warrior
 13839 | D:13     | Reached skill level 5 in Dodging
 13841 | D:13     | Offered knowledge of Hailstorm by Vehumet.
 14235 | D:13     | Noticed a six-headed hydra
 14244 | D:13     | HP: 3/94 [six-headed hydra (4)]
 14246 | D:13     | Killed a six-headed hydra
 14331 | D:13     | Noticed a seven-headed hydra
 14347 | D:13     | Killed a seven-headed hydra
 14420 | D:13     | Noticed a centaur warrior
 14432 | D:13     | Killed a centaur warrior
 15099 | Lair:1   | Entered Level 1 of the Lair of Beasts
 15110 | Lair:1   | Learned a level 3 spell: Hailstorm
 15173 | Lair:1   | Reached skill level 1 in Conjurations
 15446 | Lair:1   | Reached *** piety under Vehumet
 15782 | Lair:1   | Reached skill level 5 in Conjurations
 15996 | Lair:1   | Offered knowledge of Fulminant Prism by Vehumet.
 16348 | Lair:1   | Gained mutation: You have a pair of horns on your head.
                  | [demonic ancestry]
 16348 | Lair:1   | Reached XP level 13. HP: 94/99 MP: 19/19
 16521 | Lair:2   | Found a runed translucent door.
 16522 | Lair:2   | Noticed orangepiccolo's ghost (journeyman MiBe)
 16648 | Lair:2   | Noticed Harold
 16656 | Lair:2   | Killed Harold
 16897 | Lair:2   | Found a staircase to the Swamp.
 17304 | Lair:3   | Found a staircase to the Snake Pit.
 17429 | Lair:3   | Reached **** piety under Vehumet
 17431 | Lair:3   | Reached skill level 12 in Ice Magic
 17660 | Lair:3   | Offered knowledge of Sticky Flame by Vehumet.
 18329 | Lair:3   | Reached skill level 13 in Ice Magic
 18561 | Lair:4   | You fall into a shaft and drop 1 floor!
 18561 | Lair:5   | Entered Level 5 of the Lair of Beasts
 18678 | Lair:5   | Noticed a dire elephant
 18679 | Lair:5   | Noticed a dire elephant
 18679 | Lair:5   | Noticed a dire elephant
 18679 | Lair:5   | Noticed a dire elephant
 18697 | Lair:5   | Mangled by a dire elephant

Illustrated notes

Levels and vault maps discovered:
D:1:      reono_arrival_forest_river, layout_loops_corners,
          reono_crystal_passage, nicolae_figureground_sparkle
D:2:      layout_basic, minmay_tetromino_s2, uniq_terence
D:3:      layout_rooms, general_overflow_altar, zin_academy,
          gammafunk_ghost_nasty_kobolds, guppyfry_early_orc_mine
D:4:      layout_basic, nicolae_ossuary_entry_plus, serial_shops, shop,
          minivault_24
D:5:      layout_rooms, nicolae_overflow_crystal_walls, uniq_edmund, uniq_pikel
D:6:      kennysheep_big_flooded_room, layout_loops_cross,
          dk_yredelemnul_ordeal, mainiacjoe_overflow_small_starburst,
          bloody_trog, uniq_jeremiah, uniq_blork_the_orc
D:7:      layout_loops_cross, minmay_temple_entry_waves, minmay_alternating_orb,
          uniq_duvessa, uniq_menkaure, uniq_maggie
D:8:      layout_loops_ring, marbit_many_paths, serial_shops, shop, shop
D:9:      layout_rooms, mainiacjoe_overflow_surrounded_room,
          lemuel_blue_sif_altar, dpeg_lair_monsters
D:10:     layout_long_grid, nicolae_trove_entry_crystal, uniq_erica
D:11:     layout_loops_ring, david_orc_4, minmay_orc_keep, uniq_grum
D:12:     layout_grid_maze, serial_shops, shop
D:13:     layout_basic
Temple:   nicolae_temple_bog_church
Lair:1:   layout_long_grid, gammafunk_lair_bear_cave, serial_bayou_shore_b,
          grunt_megastairs_3, serial_bayou_shore_a, lemuel_fruit_tree,
          infiniplex_staircase_pool, serial_bayou_shore_b
Lair:2:   layout_misc_corridors, minmay_swamp_entry_worms,
          gammafunk_ghost_grave, columned_hall_lemuel, uniq_harold
Lair:3:   dreamdust_cave_troll, layout_cave_shapes, guppyfry_snake_entry_island
Lair:4:   cheibrodos_lair_river_kwai, layout_regular_city, gammafunk_ghost_grave
Lair:5:   due_jungle_book, layout_regular_city, minmay_slime_entry_oklob_open,
          nicolae_volcano_entry_vermiform, nzn_masters_of_martial_movement

Skill      XL: |  1  2  3  4  5  6  7  8  9 10 11 12 13 |
---------------+----------------------------------------+-----
Ice Magic      | 4 5 6 8 11 13 | 13.3
Fighting       | 2 4 7 8 |  8.7
Stealth        | 3 9 10 | 10.1
Spellcasting   | 4 |  4.0
Long Blades    | 7 8 |  8.0
Dodging        | 7 |  7.2
Conjurations   | 7 8 |  8.1

Action                     |  1- 3 |  4- 6 |  7- 9 | 10-12 | 13-15 || total
---------------------------+-------+-------+-------+-------+-------++-------
  Melee: Unarmed           |     5 |       |       |       |       ||     5
         Punch             |     3 |     3 |     1 |     4 |     2 ||    13
         Short sword       |    30 |   158 |       |       |       ||   188
         Dagger            |       |     5 |       |     8 |       ||    13
         War axe           |       |     4 |    65 |       |       ||    69
         Rapier            |       |       |    13 |    24 |       ||    37
         Headbutt          |       |       |       |    56 |    27 ||    83
         Falchion          |       |       |       |   156 |    77 ||   233
  Throw: Dart              |       |     2 |     4 |    34 |     4 ||    44
   Cast: Freeze            |    58 |    47 |    40 |   127 |    63 ||   335
         Frozen Ramparts   |     1 |    21 |    24 |    71 |    28 ||   145
         Ozocubu's Armour  |       |     2 |    11 |    45 |    18 ||    76
         Blink             |       |     1 |       |       |       ||     1
         Hailstorm         |       |       |       |     6 |    14 ||    20
  Evoke: Wand              |       |    15 |       |       |     2 ||    17
    Use: Potion            |       |       |     5 |     2 |       ||     7
         Scroll            |       |       |       |    11 |       ||    11
   Stab: Sleeping          |       |     3 |     2 |     9 |     5 ||    19
         Paralysed         |       |       |    23 |    53 |    21 ||    97
         Distracted        |       |       |       |     2 |       ||     2
 Armour: Robe              |    36 |    84 |    85 |   240 |   117 ||   562
  Dodge: Dodged            |    42 |    96 |    74 |   161 |    70 ||   443
  Block: Other             |    10 |    27 |    24 |    78 |    34 ||   173

Table legend: (Time is in decaauts)
 A = Elapsed time spent in this place.
 B = Non-inter-level travel time spent in this place.
 C = Inter-level travel time spent in this place.
 D = Time resting spent in this place.
 E = Time spent auto-exploring this place.
 F = Levels seen in this place.
 G = Mean time per level.
                   A        B        C        D        E       F      G
               +--------+--------+--------+--------+--------+-----+--------+
         Total |  18796 |  17733 |   1063 |    359 |  14375 |  20 |  939.8 |
       Dungeon |  14654 |  13732 |    922 |    279 |  11366 |  13 | 1127.2 |
        Temple |     25 |     13 |     12 |      0 |      0 |   1 |   25.0 |
          Lair |   3538 |   3410 |    128 |      0 |   2716 |   5 |  707.6 |
       Ossuary |    577 |    577 |      0 |     80 |    293 |   1 |  577.0 |
               +--------+--------+--------+--------+--------+-----+--------+

Top non-repeatable levels by time:
    D:11: 1756 daAuts
     D:7: 1535 daAuts
  Lair:1: 1434 daAuts
    D:13: 1367 daAuts
    D:12: 1306 daAuts
    D:10: 1261 daAuts
     D:2: 1153 daAuts
     D:1: 1147 daAuts
  Lair:3: 1138 daAuts
     D:9: 1092 daAuts
     D:6: 983 daAuts
     D:8: 925 daAuts
     D:5: 854 daAuts
  Lair:2: 707 daAuts
     D:3: 665 daAuts
